Match 34767194
Unlisted

Match 34767194
End
Scout Squad
Construct Barracks
Selects Special Operations Battlegroup
Selects M29 Weasel Recon Vehicle
M29 Weasel Recon Vehicle
Riflemen Squad
Riflemen Squad
Infantry Support Center
Construct Weapon Support Center
Scout Squad
Construct Medical Station
Selects Raiding Flares
M1919 Machine Gun Team
Selects SSF Commando Squad
SSF Commando Squad
Raiding Flares
Grenade Package
M1918 Browning Automatic Rifles
Survival Training
Selects Air Re-supply Operation
Air Re-Supply Operation
Engineer Squad
Construct Tank Depot
.30 cal Machine Gun
Selects P-47 Anti-Infantry Loiter
Selects UNKNOWN (2162291)
M4A1 Sherman Medium Tank
P-47 Anti-Infantry Loiter
M4A1 Sherman Medium Tank
Engineer Squad
Advanced Logistics
Improved M9 Bazooka Rockets
SquishyMuffin
KрепкийOрешек
Atomic Floyd
deadsadbadmad
0
0

Comments sign in to comment!

No comments posted yet!